Arrhythmia, chaotic female vampiric Convict ----------- |.........| # |......)._@@# #--------------------------------- |......<..| ( #|)))%...........................| |.........+########*%----....----- -----+- ----- | --------+-- # #|.| --- | ## #|.| #|.- |. |. |. |.. +.- |.| |.| .| |.- |. --- Arrhythmia the Jail-bird Experience level: 8 Strength: 16 Dexterity: 11 Constitution: 16 Intelligence: 11 Wisdom: 12 Charisma: 10 Health: 0(69) Energy: 54(54) AC: 1 Gold: 995 Moves: 2736 Your Inventory: Coins $ - 995 gold pieces Armor b - a cursed +0 striped shirt (being worn) f - an [uncursed] +0 pair of hard shoes [iron] (being worn) m - an [uncursed] +2 elven mithril-coat (being worn) n - a cursed -2 pair of old gloves [leather] (being worn) o - an [uncursed] +0 small shield (being worn) Scrolls k - an [uncursed] scroll labeled ASHPD [of teleportation] Wands h - an [uncursed] wand called Tele [of teleportation (0:4)] p - an [uncursed] wand of magic missile [0:0] Tools l - an [uncursed oil] lamp (lit) Gems d - an [uncursed] orange gem [worthless glass] Iron balls c - an [uncursed] heavy iron ball (chained to you) (weapon in hand) Spells known in the end: Name Level Category Fail Memory Your skills at the end: Fighting Skills Weapon Skills sling [Basic / Skilled] Spellcasting Skills Final Attributes: You had transgressed. Hunger level was 230. Your alignment was -38 / 23. Monster difficulty range was 1 - 7. Level difficulty was 7. You were immune to poison. You were immune to level-drain. You were immune to sickness. You were punished. You could fly. You could survive without air. You regenerated. Your luck was zero. You are dead. Vanquished creatures: 5 watchmen a leprechaun 4 human zombies a bugbear a rock mole a pony 3 gnome lords a black naga hatchling a wax golem a little dog 7 dwarves a werejackal an iguana an acid blob 2 hobbits a large kobold a giant rat 2 cave spiders a yellow mold 37 gnomes 2 garter snakes a gecko 3 jackals a fox 3 kobolds a goblin a sewer rat 5 grid bugs 3 lichens a kobold zombie 3 newts 97 creatures vanquished. Voluntary challenges: You went without food. You never hit with a wielded weapon. You read items or engraved 2 times. You put on armor 7 times. You never genocided any monsters. You never polymorphed an object. You never changed form. You used no wishes. You abstained from Elbereth's help. You never encountered a bones level. You never used any Sokoban shortcuts. Dungeon overview: The Dungeons of Doom: levels 1 to 3 Level 1 some fountains a long staircase Level 3 stairs to The Gnomish Mines The Gnomish Mines: levels 4 to 7 Level 4 stairs to The Dungeons of Doom Level 7 <- You were here History has recorded: On T:1 you entered the Dungeons of Doom to retrieve the Amulet of Yendor! On T:261 you reached level 2 of The Dungeons of Doom. On T:666 you advanced to experience level 2. On T:844 you advanced to experience level 3. On T:897 you reached level 3 of The Dungeons of Doom. On T:1024 you advanced to experience level 4. On T:1201 you reached level 1 of The Gnomish Mines. On T:1210 you advanced to experience level 5. On T:1312 you advanced to experience level 6. On T:1517 you reached level 2 of The Gnomish Mines. On T:1770 you advanced to experience level 7. On T:2162 you reached level 3 of The Gnomish Mines. On T:2658 you reached level 4 of The Gnomish Mines. On T:2674 you advanced to experience level 8. Latest messages: The watchman hits! [HP-5=56] You miss the watchman. You bite the watchman. You feed on the lifeblood. The watchman suddenly seems weaker! The watchman dies! The watch captain throws a knife! You are almost hit by a knife. [HP+1=57] p - a wand of magic missile. There is a doorway here. There are many more objects here. The watch captain wields a silver saber! [HP+1=58] You miss the watch captain. (2x) The watch captain swings his silver saber. The silver sears your flesh! The watch captain hits! The watch captain swings his silver saber. The silver sears your flesh! The watch captain hits! You die... Final status: Goodbye Arrhythmia the Convict... You died in The Gnomish Mines on dungeon level 7 with 4368 points, and 995 pieces of gold, after 2736 moves. You were level 8 with a maximum of 69 hit points when you died.